AoeStats
← wilson2012629

Arena

509770458Analyzed
1v1 RM · 4d ago on Sep 28, 2026· 51m 50s· 2 players
Game mode
Random Map
Map size
Tiny (2 player)
Population
200
Speed
Normal
Resources
Standard
Victory
Conquest
Starting age
Dark Age
Ending age
Imperial Age
RankedLock teamsTeams togetherTeam positionsShared explorationLock speedFull tech treeHidden civsTurbo modeCheats
Victory
Defeat
🇹🇼 Magyars · Taiwan
875
+38
🇮🇹 Persians · Italy
861
-15
OSSGiorgioT
9:14 Feudal Age
9:48 Double-Bit Axe
16:32 Castle Age
15:00 Bloodlines
15:42 Scale Barding Armor
16:28 Light Cavalry
17:51 Horse Collar
19:44 Heavy Plow
22:29 Husbandry
23:45 Kamandaran
24:42 Wheelbarrow
23:44 Crossbowman
24:46 Forging
27:00 Chain Barding Armor
27:01 Gold Mining
28:18 Fletching
31:33 Imperial Age
30:16 Ballistics
30:26 Bow Saw
31:05 Bodkin Arrow
32:23 Iron Casting
33:22 Thumb Ring
32:58 Heavy Camel Rider
35:21 Gold Shaft Mining
35:42 Hand Cart
36:32 Plate Barding Armor
37:41 Conscription
38:50 Blast Furnace
39:06 Padded Archer Armor
40:17 Chemistry
41:00 Leather Archer Armor
41:21 Elite War Elephant
43:24 Cavalier
45:00 Ring Archer Armor
47:26 Two-Man Saw
46:22 Savar
wilson2012629
11:36 Feudal Age
15:20 Castle Age
13:35 Double-Bit Axe
13:52 Horse Collar
16:21 Loom
18:04 Bow Saw
20:40 Stone Mining
24:48 Scale Barding Armor
25:46 Wheelbarrow
27:02 Hand Cart
26:36 Town Watch
27:04 Bloodlines
28:33 Gold Mining
28:57 Heavy Plow
31:30 Chain Barding Armor
32:06 Gold Shaft Mining
34:06 Imperial Age
32:57 Fletching
33:09 Padded Archer Armor
33:18 Thumb Ring
33:25 Husbandry
32:46 Light Cavalry
34:31 Bodkin Arrow
35:29 Bracer
36:59 Leather Archer Armor
37:47 Chemistry
37:21 Corvinian Army
37:18 Cavalier
38:32 Ring Archer Armor
40:19 Parthian Tactics
40:34 Plate Barding Armor
39:52 Heavy Cavalry Archer
42:06 Ballistics
42:19 Conscription
42:37 Recurve Bow
42:42 Corvinian Army
42:54 Paladin
44:12 Masonry
43:44 Treadmill Crane
52:22 Hoardings
Connection lost

Rejoining the realm…

Still unreachable

The connection could not be restored.

Session expired

The server has moved on; the page needs a fresh start.